Map: Dreamcatcher LE

Players

SpeCial - Winner!

  • Race: Terran Terran
  • Spawn Location: 11:00

Nerchio

  • Race: Zerg Zerg
  • Spawn Location: 5:00

Event: 2018 WCS Global Finals

VOD

Have the link to the VOD?

Description

Time

  • Played on: Oct. 28, 2018, 2:56 p.m.
  • Length: 8:36

All games in this series

Show
View Real Time Build Order
Export as new Build Order

SpeCial Terran - Winner!

Build Orders: Reaper Expand 

Get SALT Encoding   

  12  0:00  SCV  
  13  0:13  SCV  
  14  0:17  Supply Depot  
  14  0:25  SCV  
  15  0:38  SCV  
  15  0:41  Barracks  
  16  0:43  Refinery  
  16  0:51  SCV  
  17  1:03  SCV  
  18  1:15  SCV  
  19  1:28  Reaper, Orbital Command  
  20  1:41  Command Center  
  20  1:49  Supply Depot  
  20  1:55  SCV  
  20  2:00  Marine  
  22  2:05  Factory  
  22  2:10  SCV  
  23  2:16  Refinery  
  23  2:21  Barracks Reactor  
  23  2:22  SCV  
  24  2:34  SCV  
  25  2:46  SCV  
  25  2:50  Starport  
  26  2:52  Orbital Command  
  26  2:58  SCV  
  26  3:01  Hellion x2  
  31  3:06  Barracks Tech Lab  
  31  3:10  SCV  
  32  3:18  Supply Depot  
  32  3:19  SCV  
  33  3:23  SCV, Hellion x2  
  38  3:29  Viking  
  38  3:33  Stimpack  
  40  3:35  SCV  
  40  3:36  SCV  
  40  3:40  Marine  
  43  3:47  SCV  
  43  3:48  SCV  
  45  3:51  Supply Depot  
  45  3:59  SCV  
  45  4:00  SCV  
  45  4:01  Barracks  
  47  4:02  Factory Reactor  
  47  4:03  Marine  
  48  4:10  Barracks, Starport Tech Lab  
  48  4:11  SCV  
  48  4:12  SCV  
  50  4:17  Engineering Bay  
  50  4:21  Marine  
  50  4:23  SCV  
  52  4:24  SCV  
  52  4:25  Engineering Bay  
  53  4:35  Starport Reactor, SCV  
  53  4:36  SCV  
  55  4:41  Marine, Refinery  
  55  4:43  Refinery  
  56  4:47  SCV  
  56  4:49  Terran Infantry Weapons Level 1, SCV  
  56  4:52  Terran Infantry Armor Level 1  
  58  4:57  Marine x2  
  58  4:59  Marine, Siege Tank  
  55  5:00  SCV  
  55  5:03  Supply Depot  
  55  5:04  SCV  
  55  5:05  Marine x2  
  59  5:12  Medivac, SCV  
  62  5:18  Supply Depot  
  62  5:25  Marine x5, Medivac  
  62  5:26  Supply Depot  
  69  5:38  Combat Shield, Supply Depot  
  69  5:39  Siege Tank  
  72  5:42  Marine x3  
  72  5:45  SCV x2  
  72  5:47  Marine x2  
  79  5:50  Supply Depot  
  79  5:53  Supply Depot  
  79  6:00  Marine x2, Medivac  
  79  6:03  Medivac  
  85  6:05  Marine  
  85  6:08  Marine  
  85  6:09  Marine  
  88  6:16  Armory  
  88  6:18  Marine  
  88  6:19  Marine  
  88  6:22  Supply Depot  
  88  6:23  Marine, Liberator  
  91  6:27  Siege Tank  
  91  6:30  Marine  
  91  6:31  Marine  
  94  6:36  Marine  
  94  6:38  Marine  
  96  6:41  Marine  
  96  6:44  Liberator  
  100  6:49  Marine  
  100  6:53  Marine  
  100  6:54  Marine  
  94  6:58  Marine  
  94  6:59  Marine  
  98  7:07  Marine  
  99  7:11  Marine x2  
  101  7:16  Marine x2  
  103  7:25  Marine  
  103  7:29  Marine x2  
  105  7:34  Marine x2, Siege Tank  
  111  7:42  Marine  
  112  7:45  Command Center  
  112  7:46  Marine  
  112  7:58  Marine  
  112  7:59  Marine x2  
  112  8:00  Medivac  
  112  8:04  Marine  
  118  8:08  Supply Depot  
  118  8:10  Supply Depot  
  118  8:12  Barracks  
Show
View Real Time Build Order
Export as new Build Order

Nerchio Zerg 

Build Orders: Hatch First 

Get SALT Encoding   

  12  0:00  Drone  
  13  0:12  Overlord  
  13  0:17  Drone  
  14  0:30  Drone x2  
  16  0:48  Hatchery  
  15  0:51  Drone  
  15  0:55  Drone  
  17  0:58  Drone  
  18  1:09  Extractor  
  17  1:14  Spawning Pool  
  17  1:17  Drone  
  17  1:20  Drone  
  18  1:27  Drone  
  19  1:38  Overlord  
  19  1:51  Drone  
  20  2:01  Queen x2  
  20  2:02  Zergling x4  
  20  2:08  Metabolic Boost  
  26  2:11  Drone  
  26  2:14  Drone  
  28  2:21  Drone  
  29  2:23  Drone  
  30  2:38  Hatchery  
  30  2:41  Drone  
  30  2:42  Drone  
  31  2:45  Drone  
  31  2:49  Overlord  
  32  2:56  Queen  
  34  2:59  Drone  
  34  3:02  Drone  
  36  3:14  Drone x6  
  36  3:18  Overlord  
  42  3:25  Queen  
  44  3:36  Overlord, Queen  
  46  3:44  Drone x3  
  46  3:45  Drone, Baneling Nest  
  46  3:46  Drone  
  46  3:48  Drone  
  51  3:51  Evolution Chamber  
  51  3:53  Drone  
  51  3:57  Drone x2  
  51  3:58  Drone  
  51  4:01  Drone  
  55  4:05  Overlord  
  55  4:08  Spore Crawler  
  54  4:10  Drone x3  
  54  4:16  Zerg Ground Armor Level 1  
  57  4:20  Overlord  
  57  4:21  Overlord  
  57  4:24  Zergling x4  
  57  4:27  Zergling x4  
  57  4:29  Zergling x2  
  62  4:43  Drone  
  62  4:44  Drone x6  
  68  4:50  Lair  
  68  4:52  Drone x4, Extractor  
  70  4:53  Extractor  
  70  4:56  Drone x3  
  69  5:06  Drone x3  
  72  5:11  Hatchery, Queen  
  73  5:14  Overlord  
  73  5:19  Overlord x2  
  73  5:21  Overlord x2  
  73  5:24  Overlord  
  73  5:25  Extractor x2  
  73  5:27  Overlord  
  71  5:34  Spore Crawler  
  70  5:36  Zergling x12  
  70  5:39  Zergling x2  
  77  5:46  Drone  
  77  5:47  Drone  
  77  5:49  Drone x2  
  82  5:50  Drone  
  82  5:51  Drone x2, Queen  
  82  5:52  Drone  
  82  5:55  Centrifical Hooks  
  87  5:57  Drone  
  87  5:58  Drone  
  87  6:01  Zergling x4  
  87  6:02  Baneling  
  87  6:03  Baneling x3  
  91  6:06  Zergling x2  
  91  6:07  Zergling x2  
  91  6:10  Zergling x6  
  96  6:12  Zergling x2  
  97  6:27  Evolution Chamber, Hydralisk Den  
  97  6:29  Drone x7  
  99  6:33  Overlord  
  99  6:35  Drone  
  99  6:36  Drone x2  
  99  6:37  Drone x2  
  104  6:44  Zergling x6  
  105  6:53  Zergling x8  
  99  6:57  Zergling x2  
  99  6:58  Zergling x8  
  99  7:00  Queen x2  
  100  7:03  Zergling x4  
  100  7:06  Baneling x8  
  100  7:07  Zergling x4  
  104  7:10  Zergling x2  
  104  7:12  Zergling x2  
  104  7:14  Queen  
  103  7:30  Hatchery  
  103  7:31  Drone  
  103  7:32  Drone x6  
  109  7:37  Hydralisk, Extractor  
  110  7:46  Hydralisk x3  
  110  7:49  Hydralisk, Spore Crawler  
  117  7:55  Hydralisk  
  117  7:58  Hydralisk  
  115  8:00  Zergling x2  
  115  8:04  Hydralisk  
  114  8:07  Baneling x12, Hydralisk  
  114  8:09  Zergling x4  
  114  8:10  Zergling x4  
  120  8:15  Zergling x2  
Tags
 
Add a new tag
Caveats
  • Supply blocks, unpowered buildings, or Contaminate may cause inaccurate times.
  • Supply counts are checked every 10 seconds.